cohdb
Replays
Latest Replays
All Replays
Popular Replays
Top Player Replays
Match Explorer
How It Works
Community
CoH3 Stats
Reddit
Sign in to upload your games and track your stats! →
Sign in with Steam
Match 43066133
Unlisted
Match 43066133
Overview
Messages
Build Orders
End
Selects Australian Defense Battlegroup
Selects Australian Defense Battlegroup
Selects Australian Light Infantry Section
Australian Light Infantry Section
Construct Section Command Post
Infantry Section
Vickers Machine Gun Team
Australian Light Infantry Section
Selects 2-pounder Anti-tank Gun Team
Construct Platoon Command Post
Humber Armored Car
Royal Engineer Section
FrozenTEARz
咚咚锵个腿
0
0
Comments
sign in to comment!
No comments posted yet!